 Dungeon Crawl Stone Soup version 0.23.0 (webtiles) character file.

Game seed: 14507129428044936589

52 Gadfly the Sneak (level 3, -5/25 HPs)
             Began as an Octopode Assassin on Feb 14, 2019.
             Splashed by an oklob plant's acid (13 damage)
             ... on level 2 of the Dungeon.
             The game lasted 00:02:09 (972 turns).

Gadfly the Sneak (Octopode Assassin)                 Turns: 972, Time: 00:02:09

Health: -5/25      AC: -3    Str: 10    XL:     3   Next: 85%
Magic:  3/3        EV: 13    Int: 13    God:
Gold:   37         SH:  0    Dex: 14    Spells: 2/2 levels left

rFire    . . .     SeeInvis +   a - +2 dagger
rCold    . . .     Gourm    .   (no shield)
rNeg     . . .     Faith    .   (helmet restricted)
rPois    .         Spirit   .   (no amulet)
rElec    .         Reflect  .   h - ring of see invisible
rCorr    .         Harm     .   (no ring)
MR       .....                  (no ring)
Stlth    ++++......             (no ring)
HPRegen  0.08/turn              (no ring)
MPRegen  0.08/turn              (no ring)
                                (no ring)
                                (no ring)

@: corroded
A: almost no armour, stealthy swim, amphibious, 8 rings, constrict 8, camouflage
1, gelatinous body 1
a: no special abilities


You were on level 2 of the Dungeon.
You were not hungry.

You visited 1 branch of the dungeon, and saw 2 of its levels.

You collected 37 gold pieces.

Inventory:

Hand Weapons
 a - a +2 dagger (weapon)
 b - a +0 blowgun
Missiles
 c - 22 poisoned needles
 d - 2 curare-tipped needles
Jewellery
 h - a ring of see invisible (left tentacle)
Scrolls
 e - a scroll of fear
Potions
 i - a potion of heal wounds {unknown}
 j - a potion of berserk rage {unknown}
Comestibles
 f - 4 rations
 g - 4 chunks of flesh


   Skills:
 + Level 2.3 Fighting
 + Level 2.4 Short Blades
 + Level 2.3 Throwing
 + Level 1.7 Dodging
 * Level 6.1 Stealth


You had 2 spell levels left.
You didn't know any spells.
Your spell library was empty.

Dungeon Overview and Level Annotations

Branches:
Dungeon (2/15)

Altars:
Fedhas

Annotations:
D:2 exclusion: oklob plant


Innate Abilities, Weirdness & Mutations

You cannot wear most types of armour.
You are very stealthy in the water. (Stealth+)
You are amphibious.
You can wear up to eight rings at the same time.
You can use your tentacles to constrict eight enemies at once.
Your skin changes colour to match your surroundings (Stealth+).
Your rubbery body absorbs attacks. (AC +1, EV +1)


Message History

The poisoned needle hits the oklob plant!
Firing (i - inventory. (/) - cycle)
c - 23 poisoned needles (quivered)
Press: ? - help, Shift-Dir - straight line, f/p - oklob plant
Aim: an oklob plant (inner flame)
You shoot a poisoned needle.
The poisoned needle hits the oklob plant.
Really attack while wielding your +0 blowgun? [Y]es or [N]o only, please.
Really attack while wielding your +0 blowgun? [Y]es or [N]o only, please.
Really attack while wielding your +0 blowgun?
Okay, then.
a - a +2 dagger (weapon)
An oklob plant is nearby!
The oklob plant spits acid at you. The splash of acid hits you!
Ouch! That really hurt!
The acid corrodes you!
You are splashed with acid!
Ouch! That really hurt!
You die... #. #)... #.##..#. ........ ......... .......### .....####. #### ########### ## #PPP##.PPP♣P♣PP #PPP@.PPPPPPP#

#♣P....PP#PPP♣PP
#♣%.PPP.#♣P.PPPP
#PPPPPPP.......P
#.#PPPP..≈≈.≈≈..
#♣P♣#♣..≈≈≈.≈≈≈.
#PPPP..≈≈≈≈.≈≈≈≈
#♣P♣P.≈≈≈≈≈.≈≈≈≈
#PP.♣.≈≈≈≈...≈≈≈≈.#P


You could see an oklob plant (inner flame).

Vanquished Creatures
  A worker ant (D:2)
  2 dart slugs
  A leopard gecko (D:1)
  A bat (D:1)
  A giant cockroach (D:1)
  5 goblins (D:1)
  4 hobgoblins
  2 frilled lizards
  2 kobolds (D:1)
  4 rats (D:1)
  A plant (D:2)
24 creatures vanquished.

Notes
Turn   | Place    | Note
-------+----------+-------------------------------------------
     0 | D:1      | Gadfly the Octopode Assassin began the quest for the Orb.
     0 | D:1      | Reached XP level 1. HP: 14/14 MP: 1/1
   194 | D:1      | Reached XP level 2. HP: 19/19 MP: 2/2
   701 | D:1      | Reached XP level 3. HP: 24/24 MP: 3/3
   750 | D:2      | Reached skill level 6 in Stealth
   900 | D:2      | Found a blossoming altar of Fedhas.
   917 | D:2      | Noticed an oklob plant
   972 | D:2      | Splashed by an oklob plant's acid

Skill      XL: |  1  2  3 |
---------------+----------+-----
Stealth        | 6 |  6.1
Fighting       | |  2.3
Short Blades   | |  2.4
Throwing       | |  2.3
Dodging        | |  1.7

Action                   || total
-------------------------++-------
Melee: Dagger            ||    74
       Constrict         ||    11
       Tentacles         ||    19
 Fire: Blowgun           ||     5
  Use: Scroll            ||     3
 Stab: Sleeping          ||     7
Armor: Skin              ||     3
Dodge: Dodged            ||    33
